 Dungeon Crawl Stone Soup version 0.21-a0-349-g0c35859 (webtiles) character file.

956 vishdafish the Disciple of Destruction (level 7, 0/55 HPs)
             Began as a Demonspawn Fighter on Oct 7, 2017.
             Was a Follower of Makhleb.
             Slain by Dowan
             ... wielding a +0 dagger
              (2 damage)
             ... on level 5 of the Dungeon.
             The game lasted 00:06:46 (4647 turns).

vishdafish the Disciple of Destruction (DsFi)       Turns: 4647, Time: 00:06:48

Health: 0/55       AC: 16    Str: 17    XL:     7   Next: 91%
Magic:  11/11      EV:  8    Int: 11    God:    Makhleb [*.....]
Gold:   264        SH: 11    Dex: 12    Spells: 6/6 levels left

rFire    . . .     SeeInvis .   a - +0 war axe
rCold    . . .     Gourm    .   c - +0 shield
rNeg     . . .     Faith    .   b - +0 scale mail
rPois    .         Spirit   .   (no helmet)
rElec    .         Reflect  +   (no cloak)
rCorr    .         Harm     .   (no gloves)
MR       .....                  (no boots)
Stlth    ..........             p - +2 amulet of reflection
HPRegen  0.18/turn              (no ring)
MPRegen  0.12/turn              (no ring)

@: sanguine armour, hasted, very quick
A: talons 2, sanguine armour 2
a: Renounce Religion


You were on level 5 of the Dungeon.
You worshipped Makhleb.
Makhleb was aware of your devotion.
You were not hungry.

You visited 1 branch of the dungeon, and saw 5 of its levels.

You collected 264 gold pieces.

Inventory:

Hand Weapons
 a - a +0 war axe (weapon)
Armour
 b - a +0 scale mail (worn)
 c - a +0 shield (worn)
Jewellery
 p - a +2 amulet of reflection (around neck)
Wands
 o - a wand of digging (19/24)
Scrolls
 d - a scroll of amnesia
 g - a scroll of teleportation
 h - 2 scrolls of remove curse
 j - a scroll of enchant weapon
 m - 2 scrolls of fog
 n - a scroll of identify
 v - a scroll of random uselessness
Potions
 e - a potion of mutation
 i - 2 potions of agility
 k - 3 potions of curing
 s - a potion of lignification {unknown}
Comestibles
 f - 5 bread rations
 l - 5 meat rations
 q - 2 fruits


   Skills:
 + Level 4.4 Fighting
 * Level 4.5 Axes
 + Level 3.8 Armour
 + Level 2.6 Dodging
 + Level 3.9 Shields
 * Level 5.5 Invocations


You had 6 spell levels left.
You didn't know any spells.

Dungeon Overview and Level Annotations

Branches:
Dungeon (5/15)             Temple (0/1) D:5

Altars:
Ashenzari
Gozag
Makhleb
Sif Muna
Trog
Vehumet
Wu Jian
Yredelemnul
The Shining One

Annotations:
D:5 Dowan, Duvessa


Innate Abilities, Weirdness & Mutations

You have razor-sharp toenails.
When seriously injured, your bleeding wounds create thick armour. (AC +9)


Message History

The puff of flame hits you! You block Duvessa's attack.
Dowan zaps a wand.
The puff of flame reflects off an invisible shield around you!
The puff of flame hits Dowan.
Duvessa hits you with a rapier of speed.
* * * LOW HITPOINT WARNING * * *
You feel yourself speed up. Duvessa closely misses you.
Dowan hits you but does no damage.
You hit Dowan.
Dowan is severely wounded.
You hit Duvessa. Duvessa closely misses you.
Dowan casts a spell at Duvessa.
Duvessa seems to speed up.
Okay, then.
You hit Dowan. You claw Dowan, but do no damage.
Dowan is severely wounded.
You barely miss Duvessa.
Duvessa hits you with a rapier of speed.
* * * LOW HITPOINT WARNING * * *
Dowan hits you with a dagger.
You die...

.....###.###.# ##.##
.(...# ....####..#
.....# #.........##
.....# #..........#
.(...# #.......†#.#
.....# #........#..#
####.#####........##.###
........##..............
####.##.##.....e@....≈≈≈
####.#..........e..≈≈≈≈≈
.......# ........≈≈≈≈≈≈≈
#.###... .......≈≈≈≈≈≈≈≈
#.## ..# #......≈≈≈≈≈≈..
##.#.... '.[....≈≈≈≈≈≈.>
##.(######......≈≈≈≈≈≈..
..##. #[####..≈≈≈≈≈≈≈
.># .#


You could see Duvessa and Dowan.

Vanquished Creatures
  Sigmund (D:5)
  Edmund (D:5)
  An ice beast (D:5)
  The ghost of vishdafish the Skirmisher, an amateur DsFi (D:3)
  A centaur (D:5)
  A crimson imp (D:5)
  3 hounds
  2 orc priests
  2 bullfrog skeletons
  2 iguanas (D:4)
  A hound skeleton (D:5)
  5 adders
  A shadow imp (D:5)
  A worm (D:2)
  2 dart slugs
  2 leopard geckos
  5 orcs
  A giant cockroach (D:2)
  4 goblins (D:2)
  6 hobgoblins
  7 jackals
  A quokka (D:2)
  A ball python (D:1)
  5 bats
  5 frilled lizards
  8 kobolds
  A leopard gecko skeleton (D:4)
  A quokka skeleton (D:5)
  11 rats
83 creatures vanquished.

Notes
Turn   | Place    | Note
-------+----------+-------------------------------------------
     0 | D:1      | vishdafish the Demonspawn Fighter began the quest for the Orb.
     0 | D:1      | Reached XP level 1. HP: 18/18 MP: 1/1
   495 | D:1      | Gained mutation: When seriously injured, your bleeding wounds create armour. (AC +9) [demonic ancestry]
   495 | D:1      | Reached XP level 2. HP: 21/24 MP: 2/2
   802 | D:2      | Found a burning altar of Makhleb.
   830 | D:2      | Reached XP level 3. HP: 26/29 MP: 3/3
   833 | D:2      | Became a worshipper of Makhleb the Destroyer
   890 | D:2      | Found a radiant altar of Vehumet.
  1147 | D:2      | Found a deep blue altar of Sif Muna.
  1148 | D:2      | Found a basalt altar of Yredelemnul.
  1155 | D:2      | Reached skill level 1 in Invocations
  1247 | D:2      | Reached skill level 1 in Dodging
  1492 | D:3      | Gained mutation: When seriously injured, your bleeding wounds create thick armour. (AC +9) [demonic ancestry]
  1492 | D:3      | Reached XP level 4. HP: 31/35 MP: 5/5
  1534 | D:3      | Found an opulent altar of Gozag.
  1586 | D:3      | Noticed vishdafish's ghost (amateur DsFi)
  1599 | D:3      | Killed vishdafish's ghost
  1599 | D:3      | Reached skill level 2 in Invocations
  1599 | D:3      | Gained mutation: You have sharp toenails. [demonic ancestry]
  1599 | D:3      | Reached XP level 5. HP: 16/41 MP: 6/6
  1984 | D:3      | Found an ornate altar of the Wu Jian Council.
  2149 | D:4      | Found a shattered altar of Ashenzari.
  2159 | D:4      | Reached skill level 3 in Invocations
  2311 | D:4      | Reached * piety under Makhleb
  2467 | D:4      | Reached XP level 6. HP: 24/48 MP: 8/8
  2585 | D:5      | Entered Level 5 of the Dungeon
  2597 | D:5      | Noticed Duvessa
  2598 | D:5      | Noticed Dowan
  2623 | D:5      | Noticed Sigmund
  2623 | D:5      | Noticed an ice beast
  3702 | D:4      | Found a bloodstained altar of Trog.
  3702 | D:4      | Found a glowing golden altar of the Shining One.
  4059 | D:5      | Killed an ice beast
  4059 | D:5      | Reached skill level 4 in Invocations
  4153 | D:5      | Killed Sigmund
  4153 | D:5      | Gained mutation: You have razor-sharp toenails. [demonic ancestry]
  4153 | D:5      | Reached XP level 7. HP: 54/54 MP: 10/10
  4350 | D:5      | Noticed Edmund
  4375 | D:5      | Killed Edmund
  4375 | D:5      | Reached skill level 5 in Invocations
  4625 | D:5      | Found a staircase to the Ecumenical Temple.
  4647 | D:5      | HP: 2/55 [Duvessa/rapier of speed (5)]
  4647 | D:5      | Slain by Dowan

Vault maps used:
D:1:      dpeg_arrival_shelter
D:2:      gammafunk_temple_overflow_pools, vehumet_crystals,
          lemuel_crystal_altar
D:3:      lemuel_crystal_altar, lemuel_round_altar, serial_bayou_pond_e,
          st_stairs_14
D:4:      ashenzari_conservatory_becter, gammafunk_temple_overflow_statue
D:5:      temple_pool_b, first_bread, st_stairs_7, uniq_sigmund, uniq_edmund,
          uniq_duvessa

Skill      XL: |  1  2  3  4  5  6  7 |
---------------+----------------------+-----
Axes           | 2 3 4 |  4.5
Invocations    | 1 2 3 4 5 |  5.5
Dodging        | 1 2 |  2.6
Armour         | 3 |  3.8
Shields        | 3 |  3.9
Fighting       | 4 |  4.4

Action                   |  1- 3 |  4- 6 |  7- 9 || total
-------------------------+-------+-------+-------++-------
Melee: War axe           |   138 |   122 |    84 ||   344
       Kick              |       |    25 |    24 ||    49
  Use: Potion            |       |     3 |     1 ||     4
       Scroll            |       |    11 |       ||    11
  Eat: Chunk             |     2 |     5 |     2 ||     9
       Royal jelly       |       |     1 |       ||     1
       Fruit             |       |     2 |       ||     2
Armor: Scale mail        |    93 |    44 |    32 ||   169
Dodge: Dodged            |    54 |    38 |    22 ||   114
Block: Shield            |    87 |    68 |    60 ||   215
       Reflection        |       |     2 |     5 ||     7

Table legend:
 A = Spawn XP
 B = Non-spawn XP
 C = Spawn XP percentage of total XP
 D = Spawn monster count
 E = Non-spawn monster count
 F = Spawn count percentage of total count
 G = Total turns spent on level
                    A         B        C        D         E        F      G
               +---------+---------+-------+---------+---------+-------+---------
         Total |       0 |    1366 |   0.0 |       0 |      83 |   0.0 |  4647
               +---------+---------+-------+---------+---------+-------+---------
           D:1 |       0 |      21 |   0.0 |       0 |      16 |   0.0 |   712
           D:2 |       0 |      60 |   0.0 |       0 |      25 |   0.0 |   662
           D:3 |       0 |     192 |   0.0 |       0 |      13 |   0.0 |   760
           D:4 |       0 |     164 |   0.0 |       0 |       7 |   0.0 |  1122
           D:5 |       0 |     929 |   0.0 |       0 |      22 |   0.0 |  1391
               +---------+---------+-------+---------+---------+-------+---------
